 Dungeon Crawl Stone Soup version 0.27-a0-522-g46bbb28828 (webtiles) character file.

Game seed: 9105134254534595522

135 Crimsoncloak the Cudgeller (level 5, -3/35 HPs)
             Began as an Octopode Gladiator on Mar 4, 2021.
             Slain by Grinder (9 damage)
             ... while paralysed by Grinder
             ... on level 3 of the Dungeon.
             The game lasted 00:03:41 (2731 turns).

Crimsoncloak the Cudgeller (Octopode Gladiator)     Turns: 2731, Time: 00:03:42

Health: -3/35      AC:  1    Str: 14    XL:     5   Next: 18%
Magic:  5/5        EV:  2    Int: 11    God:
Gold:   126        SH:  0    Dex: 13    Spells: 4/4 levels left

rFire    . . .     SeeInvis .   a - +0 flail
rCold    . . .     Faith    .   (no shield)
rNeg     . . .     Spirit   .   b - +0 hat
rPois    .         Reflect  .   (no amulet)
rElec    .         Harm     .   (no ring)
rCorr    .         Rampage  .   (no ring)
Will     .....                  (no ring)
Stlth    +++.......             (no ring)
HPRegen  0.11/turn              (no ring)
MPRegen  0.09/turn              (no ring)
                                (no ring)
                                (no ring)

@: paralysed
A: almost no armour, amphibious, 8 rings, constrict 8, camouflage 1, gelatinous
body 1, nimble swimmer 1
a: no special abilities


You were on level 3 of the Dungeon.
You visited 1 branch of the dungeon, and saw 3 of its levels.

You collected 126 gold pieces.

Inventory:

Hand Weapons
 a - a +0 flail (weapon)
Missiles
 c - 3 throwing nets (quivered)
 g - 67 stones
Armour
 b - a +0 hat (worn)
Wands
 m - a wand of polymorph (11)
Scrolls
 d - 2 scrolls of enchant weapon {unknown}
 e - 3 scrolls of teleportation {unknown}
 f - a scroll of enchant armour {unknown}
 h - a scroll of fog {unknown}
 i - 2 scrolls of identify {unknown}
 l - a scroll of noise {unknown}
Potions
 j - a potion of attraction {unknown}
 k - a potion of brilliance {unknown}


   Skills:
 + Level 2.7 Fighting
 * Level 4.1 Maces & Flails
 + Level 2.7 Throwing
 + Level 3.5 Dodging
 + Level 2.2 Stealth


You had 4 spell levels left.
You didn't know any spells.
Your spell library was empty.

Dungeon Overview and Level Annotations

Branches:
Dungeon (3/15)

Altars:

Annotations:
D:3 1 runed translucent door, Grinder; hgbash's ghost, amateur GrEE


Innate Abilities, Weirdness & Mutations

You cannot wear most types of armour.
You are amphibious.
You can wear up to eight rings at the same time.
You can use your tentacles to constrict eight enemies at once.
Your skin changes colour to match your surroundings (Stealth+).
Your rubbery body absorbs attacks. (AC +1, EV +1)
You are stealthy while swimming. (Stealth+)


Message History

The helpless jackal fails to defend itself.
You thump the jackal!
You kill the jackal!
The jackal barks!
The jackal completely misses you.
You hit the jackal but do no damage. You grab the jackal.
You constrict the jackal. The jackal closely misses you.
The jackal barely misses you.
You hit the jackal.
You kill the jackal!
No target in view!
Found a tower shield.
You now have 126 gold pieces (gained 15).
Found 13 bolts.
No target in view!
No target in view!
No target in view!
You see here a +0 tower shield.
You see here a +0 tower shield.
Found a trident.
Found a hand crossbow.
You see here a +0 hand crossbow.
A kobold comes into view. It is wielding a +0 dagger.
A kobold is nearby!
Grinder comes into view.
The kobold shouts!
Grinder shouts!
Grinder moves out of view.
You sock the kobold!
You kill the kobold!
A worm comes into view.
Grinder gestures at you.
You suddenly lose the ability to move!
Grinder says, "I used to sell toenails on the black market."
Grinder gestures at you. Pain shoots through your body! Grinder hits you.
You writhe in agony.
Grinder hits you.
You writhe in agony.
* * * LOW HITPOINT WARNING * * *
Grinder hits you!
You die...

##.............###.
#).###########....[
#.##..P.b....####..
#.############ #.. #.#
#.. #.### #.. #.#.#
..#####.#
##.###.#.####.##........
........@5.w...###.......
#########.###### ##.###.#
.# # #.# .# #.# .# ..# .#
### .# .#


You could see Grinder and a worm.

Vanquished Creatures
  Jessica (D:3)
  4 adders
  An ooze (D:2)
  A worm (D:2)
  A dart slug (D:2)
  2 leopard geckos (D:2)
  An orc (D:3)
  A ball python (D:2)
  5 goblins
  7 hobgoblins
  2 jackals (D:3)
  7 kobolds
  5 quokkas
  7 bats
  6 frilled lizards
  10 rats
61 creatures vanquished.

Notes
Turn   | Place    | Note
-------+----------+-------------------------------------------
     0 | D:1      | Crimsoncloak the Octopode Gladiator began the quest for the
                  | Orb.
     0 | D:1      | Reached XP level 1. HP: 14/14 MP: 1/1
   274 | D:1      | Reached XP level 2. HP: 19/19 MP: 2/2
   896 | D:2      | Reached skill level 1 in Stealth
  1063 | D:2      | Reached XP level 3. HP: 18/24 MP: 3/3
  1593 | D:2      | Reached XP level 4. HP: 17/30 MP: 4/4
  2238 | D:3      | Noticed hgbash's ghost (amateur GrEE)
  2240 | D:3      | Found a runed translucent door.
  2276 | D:3      | Noticed Jessica
  2282 | D:3      | Killed Jessica
  2283 | D:3      | Reached skill level 4 in Maces & Flails
  2430 | D:3      | Reached XP level 5. HP: 34/35 MP: 5/5
  2724 | D:3      | Noticed Grinder
  2726 | D:3      | Paralysed by Grinder for 6 turns
  2731 | D:3      | Slain by Grinder

Illustrated notes

Levels and vault maps discovered:
D:1:      roderic_octagonal_star, layout_loops_ring
D:2:      layout_loops_cross, minmay_tetromino_o4
D:3:      layout_loops_ring, serial_aquarium, aquarium_bridge_straight
          [aquarium_subvault_bridge, aquarium_subvault_wall,
          aquarium_subvault_bridge, aquarium_subvault_wall], aquarium_window_2,
          aquarium_window_fake, aquarium_window_fake, aquarium_view_2f,
          aquarium_view_2a, hellmonk_ghost_happy_afterlife, uniq_jessica,
          uniq_grinder

Skill      XL: |  1  2  3  4 |
---------------+-------------+-----
Stealth        | 1 2 |  2.2
Maces & Flails | 4 |  4.1
Fighting       | |  2.7
Throwing       | |  2.7
Dodging        | |  3.5

Action                   |  1- 3 |  4- 6 || total
-------------------------+-------+-------++-------
Melee: Flail             |    76 |    31 ||   107
       Tentacles         |    10 |     4 ||    14
       Constrict         |    17 |     7 ||    24
 Stab: Sleeping          |    15 |     3 ||    18
Armor: Skin              |     1 |     3 ||     4
Dodge: Dodged            |    45 |    28 ||    73

Table legend: (Time is in decaauts)
 A = Elapsed time spent in this place.
 B = Non-inter-level travel time spent in this place.
 C = Inter-level travel time spent in this place.
 D = Time resting spent in this place.
 E = Time spent auto-exploring this place.
 F = Levels seen in this place.
 G = Mean time per level.
                   A        B        C        D        E       F      G
               +--------+--------+--------+--------+--------+-----+--------+
         Total |   2754 |   2586 |    168 |     69 |   2129 |   3 |  918.0 |
       Dungeon |   2754 |   2586 |    168 |     69 |   2129 |   3 |  918.0 |
               +--------+--------+--------+--------+--------+-----+--------+

Top non-repeatable levels by time:
     D:2: 1211 daAuts
     D:1: 892 daAuts
     D:3: 651 daAuts
